 Dungeon Crawl Stone Soup version 0.18-a0-1418-ga86aa8f (webtiles) character file.

8574 Foomius the Destroyer (level 11, -2/89 HPs)
             Began as a Pale Draconian Wizard on Feb 26, 2016.
             Was an Elder of Vehumet.
             Shot with an arrow by a centaur (4 damage)
             ... on level 10 of the Dungeon.
             The game lasted 01:02:44 (12160 turns).

Foomius the Destroyer (Pale Draconian Wizard)      Turns: 12160, Time: 01:02:46

Health: -2/89      AC: 10    Str:  9    XL:     11   Next: 11%
Magic:  19/32      EV: 14    Int: 21    God:    Vehumet [****..]
Gold:   414        SH:  6    Dex: 11    Spells: 7 memorised, 10 levels left

rFire  . . .     SeeInvis +     V - +11 falchion "Murmur" {slice, *Drain rPois MP+9}
rCold  . . .     Gourm    .     (armour unavailable)
rNeg   + . .     Faith    .     k - +2 buckler
rPois  +         Spirit   .     N - +0 hat
rElec  .         Dismiss  .     v - +0 cloak
rCorr  .         Reflect  .     z - +1 pair of gloves
SustAt .         Harm     .     (no boots)
MR     .....                    (no amulet)
Stlth  ++........               J - ring of positive energy
                                B - ring of see invisible

@: not resistant to hostile enchantments, unstealthy
A: breathe steam, unfitting armour, cold-blooded, AC +7
a: Breathe Steam, Renounce Religion


You were on level 10 of the Dungeon.
You worshipped Vehumet.
Vehumet was greatly pleased with you.
You were not hungry.

You visited 2 branches of the dungeon, and saw 11 of its levels.

You collected 580 gold pieces.
You spent 166 gold pieces at shops.

Inventory:

Hand Weapons
 a - a +0 rapier of venom
 b - the +6 war axe "Jeyre" {freeze, rC++ MR- Str+2 Int+4}
   (You took it off a crimson imp on level 5 of the Dungeon)

   It has been specially enchanted to freeze those struck by it, causing extra
   injury to most foes and up to half again as much damage against particularly
   susceptible opponents.
   It can also slow down cold-blooded creatures.
   It affects your strength (+2).
   It affects your intelligence (+4).
   It greatly protects you from cold.
   It affects your resistance to hostile enchantments.
 s - a +0 mace of protection
 Q - a +1 falchion of holy wrath
 V - the +11 falchion "Murmur" (weapon) {slice, *Drain rPois MP+9}
   (You found it on level 9 of the Dungeon)

   It inflicts extra damage upon your enemies.
   It protects you from poison.
   It affects your magic capacity (+9).
   It causes draining when unequipped.
 Y - a +2 mace of venom
Missiles
 x - 10 javelins (quivered)
Armour
 k - a +2 buckler (worn)
 v - a +0 cloak (worn)
 z - a +1 pair of gloves (worn)
 N - a +0 hat (worn)
Jewellery
 y - an uncursed ring of sustain attributes
 B - a ring of see invisible (left hand)
 J - a ring of positive energy (right hand)
Wands
 g - a wand of flame (8/48)
 L - a wand of polymorph (11/24)
 P - a wand of teleportation (6/9)
 W - a wand of slowing (16/48)
 X - a wand of digging (7/24)
Scrolls
 d - a scroll of enchant armour {unknown}
 f - a scroll of fear {unknown}
 i - a scroll of fog {unknown}
 l - 4 scrolls of identify
 n - 7 scrolls of remove curse
 r - 2 scrolls of random uselessness {unknown}
 u - a scroll of noise {unknown}
 A - a scroll of enchant weapon {unknown}
 E - 4 scrolls of immolation {unknown}
 F - 4 scrolls of magic mapping {unknown}
 H - 2 scrolls of amnesia {unknown}
 R - a scroll of summoning {unknown}
 T - a scroll of blinking {unknown}
 U - 2 scrolls of teleportation
Potions
 e - 2 potions of flight
 m - 2 potions of brilliance {unknown}
 o - 2 potions of invisibility {unknown}
 q - 4 potions of curing
 t - 2 potions of cure mutation {unknown}
 w - 3 potions of might {unknown}
 D - 4 potions of cancellation {unknown}
 G - a potion of resistance {unknown}
 I - a potion of lignification {unknown}
 M - 4 potions of heal wounds {unknown}
 S - 2 potions of magic
 Z - a potion of ambrosia {unknown}
Books
 j - Vehumet's Reference Book on Conjuration
   (You found it on level 3 of the Dungeon)

   Spells                             Type                      Level
   a - Magic Dart                     Conjuration                  1
 K - a book of Minor Magic

   Spells                             Type                      Level
   a - Magic Dart                     Conjuration                  1
   b - Blink                          Translocation                2
   c - Call Imp                       Summoning                    2
   d - Repel Missiles                 Charms/Air                   2
   e - Slow                           Hexes                        2
   f - Conjure Flame                  Conjuration/Fire             3
   g - Mephitic Cloud                 Conjuration/Poison/Air       3
 O - a book of Beasts

   Spells                             Type                      Level
   a - Summon Butterflies             Summoning                    1
   b - Call Canine Familiar           Summoning                    3
   c - Summon Ice Beast               Ice/Summoning                4
   d - Summon Mana Viper              Hexes/Summoning              5
   e - Summon Hydra                   Summoning                    7
Comestibles
 c - 5 bread rations
 h - 4 beef jerkies
 p - 4 meat rations
 C - 2 fruits


   Skills:
 - Level 6.1 Fighting
 - Level 6.0 Dodging
 - Level 1.7 Stealth
 - Level 4.2 Shields
 + Level 8.3 Spellcasting
 + Level 10.3 Conjurations
 - Level 1.0 Summonings
 - Level 1.0 Translocations
 - Level 2.7 Fire Magic
 + Level 5.1 Air Magic
 - Level 1.0 Evocations


You had 10 spell levels left.
You knew the following spells:

 Your Spells              Type           Power        Failure   Level  Hunger
a - Magic Dart            Conj           ####         1%          1    None
b - Blink                 Tloc           N/A          10%         2    None
c - Repel Missiles        Chrm/Air       ###...       4%          2    None
d - Airstrike             Air            ####......   3%          4    ###....
f - Conjure Flame         Conj/Fire      #####...     1%          3    None
m - Mephitic Cloud        Conj/Pois/Air  ####....     1%          3    None
u - Summon Butterflies    Summ           ##......     6%          1    None


Dungeon Overview and Level Annotations

Branches:
Dungeon (10/15)            Temple (0/1) D:6            Lair (1/8) D:10
    Orc (0/2) D:9

Altars:
Cheibriados
Dithmenos
Elyvilon
Fedhas
Gozag
Kikubaaqudgha
Makhleb
Okawaru
Pakellas
Sif Muna
Vehumet
Xom
Yredelemnul

Shops:
D:5 (   D:8 *   D:9 (

Annotations:
D:3 Sigmund


Innate Abilities, Weirdness & Mutations

You can breathe blasts of scalding, opaque steam.
Your pale cyan-grey scales are hard (AC +7).
Your body does not fit into most forms of armour.
You are cold-blooded and may be slowed by cold attacks.


Message History

The orc priest appears confused.
An orc comes into view. It is wielding a dagger.
Drink which item? (? for menu, Esc to quit)
Okay, then.
You feel sick.
The centaur shoots an arrow.
You block the arrow.
You see here an arrow.
Drink which item? (? for menu, Esc to quit)
It was a potion of curing.
You feel better.
The centaur shoots an arrow.
The arrow hits you but does no damage.
Casting: Mephitic Cloud
Confirm with . or Enter, or press ? or * to list all spells.
Aiming: Mephitic Cloud
Press: ? - help, Shift-Dir - straight line, p - centaur The ball explodes into a vile cloud!
The stinking cloud engulfs the centaur.
The centaur is lightly wounded.
You hear a shout! x2
The centaur shoots an arrow.
The arrow hits you!
* * * LOW HITPOINT WARNING * * *
The arrow burns you.
You die...

...............<[)..............
.....c.......(...(..............
...>..c(..c.#'####..............
.......o§§.y#....#.#########.o..
.........§..#....#.# #....
.......o.§§.#....#.# #§...
##'###.o§§.(#....'.# #.... ..
#..§§c§######)#########.... .
#..o.§.(§(@.......o........
#....§.....(....>..........
#######+######.............
#.........#### #.........#...
#..........#... ######.....#...
#......... #.....#...


You could see a centaur and an orc.

Vanquished Creatures
  A centaur warrior (D:10)
  3 hill giants
  An orc knight (D:10)
  2 two-headed ogres
  Eustachio (D:6)
  2 hippogriffs
  5 wargs
  7 orc warriors
  3 ice beasts
  3 phantoms
  6 ogres
  A necrophage (D:8)
  3 centaurs
  Blork the orc (D:6)
  A gnoll sergeant (D:9)
  6 giant frogs
  A scorpion (D:9)
  7 killer bees
  A howler monkey (D:9)
  7 crimson imps
  8 orc priests
  A gnoll shaman (D:7)
  2 giant frog skeletons
  2 hounds
  3 jellies
  A centaur skeleton (D:9)
  An iron imp (D:7)
  Jessica (D:3)
  2 iguanas
  Natasha (twice) (D:2)
  12 orc wizards
  6 worker ants
  A killer bee zombie (D:6)
  A hound zombie (D:6)
  Robin (D:2)
  2 worker ant zombies
  19 gnolls
  A howler monkey zombie (D:7)
  9 adders
  3 shadow imps
  2 oozes
  An adder zombie (D:5)
  An adder skeleton (D:5)
  3 worms
  A dart slug (D:3)
  3 giant geckos
  60 orcs
  9 bats
  A giant cockroach (D:4)
  19 goblins
  11 hobgoblins
  17 jackals
  10 kobolds
  3 quokkas
  4 ball pythons
  4 giant newts
  2 quokka skeletons
  A quokka zombie (D:6)
  13 rats
305 creatures vanquished.

Vanquished Creatures (collateral kills)
  An orc warrior (D:10)
1 creature vanquished.

Vanquished Creatures (others)
  An orc wizard (D:6)
  A fungus (D:3)
  A plant (D:10)
3 creatures vanquished.

Grand Total: 309 creatures vanquished

Notes
Turn   | Place    | Note
--------------------------------------------------------------
     0 | D:1      | Foomius the Draconian Wizard began the quest for the Orb.
     0 | D:1      | Reached XP level 1. HP: 14/14 MP: 4/4
   266 | D:1      | Reached skill level 2 in Conjurations
   392 | D:1      | Reached XP level 2. HP: 20/20 MP: 3/6
  1160 | D:2      | Reached skill level 1 in Shields
  1160 | D:2      | Reached XP level 3. HP: 14/26 MP: 0/7
  1165 | D:2      | Learned a level 2 spell: Blink
  1169 | D:2      | Learned a level 2 spell: Repel Missiles
  1469 | D:2      | Reached skill level 3 in Conjurations
  1655 | D:2      | Found an iron altar of Okawaru.
  1685 | D:1      | Learned a level 3 spell: Mephitic Cloud
  1885 | D:2      | Noticed Natasha
  1895 | D:2      | Killed Natasha
  1895 | D:2      | Reached XP level 4. HP: 27/33 MP: 3/8
  2111 | D:2      | Noticed Natasha
  2118 | D:2      | Killed Natasha
  2334 | D:2      | Reached XP level 5. HP: 38/38 MP: 5/10
  2569 | D:2      | Noticed Robin
  2579 | D:2      | Killed Robin
  2915 | D:3      | Found an ancient bone altar of Kikubaaqudgha.
  2962 | D:3      | Found a deep blue altar of Sif Muna.
  2963 | D:3      | Found a radiant altar of Vehumet.
  2970 | D:3      | Identified Vehumet's Reference Book on Conjuration
  2972 | D:3      | Became a worshipper of Vehumet
  3141 | D:3      | Found a blossoming altar of Fedhas.
  3267 | D:3      | Noticed Jessica
  3301 | D:3      | Killed Jessica
  3301 | D:3      | Reached skill level 4 in Conjurations
  3325 | D:3      | Noticed Sigmund
  3343 | D:3      | Found a blossoming altar of Fedhas.
  3514 | D:4      | Reached XP level 6. HP: 45/45 MP: 9/11
  3758 | D:4      | Learned a level 3 spell: Conjure Flame
  4114 | D:4      | Found an iron altar of Okawaru.
  4350 | D:5      | Entered Level 5 of the Dungeon
  4368 | D:5      | Found a snail-covered altar of Cheibriados.
  4506 | D:5      | Found Fuefet's Antique Weapon Boutique.
  4515 | D:5      | Bought a runed rapier for 88 gold pieces
  4577 | D:5      | Noticed an ice beast
  4588 | D:5      | Killed an ice beast
  4588 | D:5      | Your scales start taking on a pale cyan-grey colour.
  4588 | D:5      | Reached XP level 7. HP: 22/50 MP: 2/13
  4684 | D:5      | Reached skill level 5 in Conjurations
  4923 | D:5      | Reached skill level 1 in Air Magic
  5014 | D:5      | Reached * piety under Vehumet
  5014 | D:5      | Offered knowledge of Shock by Vehumet.
  5095 | D:5      | Found a shimmering altar of Xom.
  5244 | D:5      | Got a twisted war axe {freeze}
  5245 | D:5      | Identified the +6 war axe "Jeyre" {freeze, rC++ MR- Str+2 Int+4} (You took it off a crimson imp on level 5 of the Dungeon)
  5255 | D:5      | Learned a level 1 spell: Summon Butterflies
  5276 | D:5      | Reached skill level 5 in Spellcasting
  5677 | D:5      | Reached skill level 1 in Fighting
  5699 | D:5      | Reached skill level 1 in Evocations
  5921 | D:6      | Found a staircase to the Ecumenical Temple.
  5952 | D:6      | Reached XP level 8. HP: 60/60 MP: 2/15
  5977 | D:6      | Reached skill level 6 in Conjurations
  6166 | D:6      | Offered knowledge of Throw Flame by Vehumet.
  6179 | D:6      | Reached ** piety under Vehumet
  6192 | D:6      | Noticed Eustachio
  6210 | D:6      | Found a white marble altar of Elyvilon.
  6220 | D:6      | Killed Eustachio
  6812 | D:6      | Reached skill level 7 in Conjurations
  6881 | D:6      | Noticed Blork the orc
  6976 | D:6      | Killed Blork the orc
  6996 | D:6      | Reached XP level 9. HP: 73/73 MP: 6/16
  7004 | D:6      | Found an opulent altar of Gozag.
  7051 | D:6      | Found a basalt altar of Yredelemnul.
  7316 | D:7      | Reached skill level 5 in Fighting
  7507 | D:7      | Found a snail-covered altar of Cheibriados.
  7692 | D:7      | Noticed a hill giant
  7713 | D:7      | Killed a hill giant
  7713 | D:7      | Reached skill level 5 in Dodging
  7922 | D:7      | Reached skill level 8 in Conjurations
  7962 | D:7      | Reached skill level 1 in Fire Magic
  8231 | D:8      | Offered knowledge of Searing Ray by Vehumet.
  8396 | D:8      | Reached *** piety under Vehumet
  8637 | D:8      | Found a burning altar of Makhleb.
  8774 | D:8      | Found an oddly glowing altar of Pakellas.
  9018 | D:8      | Found Rolepp's Assorted Antiques.
  9024 | D:8      | Bought a scroll of teleportation for 78 gold pieces
  9075 | D:8      | Reached XP level 10. HP: 77/83 MP: 13/18
  9108 | D:8      | Noticed a hill giant
  9133 | D:8      | Killed a hill giant
  9133 | D:8      | Reached skill level 9 in Conjurations
  9598 | D:9      | Offered knowledge of Airstrike by Vehumet.
  9740 | D:9      | Found a shadowy altar of Dithmenos.
  9868 | D:9      | Got a steaming falchion
  9869 | D:9      | Identified the +11 falchion "Murmur" {slice, *Drain rPois MP+9} (You found it on level 9 of the Dungeon)
  9923 | D:9      | Reached **** piety under Vehumet
 10094 | D:9      | Found a staircase to the Orcish Mines.
 10098 | D:9      | Found Retas's Weapon Boutique.
 10421 | D:10     | Entered Level 10 of the Dungeon
 10597 | D:10     | Noticed a centaur warrior
 11061 | D:10     | Killed a centaur warrior
 11061 | D:10     | Reached skill level 10 in Conjurations
 11067 | D:10     | Learned a level 4 spell: Airstrike
 11070 | D:10     | Noticed a hill giant
 11086 | D:10     | Killed a hill giant
 11245 | D:10     | Found a staircase to the Lair.
 11260 | D:10     | Offered knowledge of Stone Arrow by Vehumet.
 11451 | D:10     | Noticed an orc knight
 11464 | Lair:1   | Entered Level 1 of the Lair of Beasts
 11835 | D:10     | Reached XP level 11. HP: 45/89 MP: 22/23
 11854 | D:10     | Noticed an orc knight
 12121 | D:10     | Killed an orc knight
 12121 | D:10     | Reached skill level 5 in Air Magic
 12160 | D:10     | HP: 2/89 [centaur/arrow (11)]
 12160 | D:10     | Shot with an arrow by a centaur

Vault maps used:
D:1:      dpeg_arrival_rhombi
D:2:      kennysheep_goblin_castle, okawaru_trees_2, uniq_natasha
D:3:      grunt_temple_overflow_magic_moments, lemuel_doored_altar,
          minmay_misc_feat_cross, fedhas_altar_3, uniq_jessica, uniq_sigmund
D:4:      lemuel_statue_altar
D:5:      kennysheep_spiral_hall, tgw_xom, first_bread, basic_altar,
          serial_shops, shop
D:6:      marbit_many_paths, nicolae_overflow_hidden_temple, elyvilon_altar_5,
          grunt_gozag_breadcrumbs, minmay_temple_entry_trees,
          uniq_blork_the_orc, uniq_eustachio
D:7:      slow_altar_1
D:8:      overflow_temple_1_default, kennysheep_mini, serial_shops,
          nicolae_shop_crystal
D:9:      nicolae_dithmenos_through_a_glass_darkly, orc_david_3
D:10:     lemuel_castle_with_subvaults, lair_0_dummy, david_nohive_1,
          uniq_erica, uniq_joseph

Skill      XL: |  1  2  3  4  5  6  7  8  9 10 11 |
---------------+----------------------------------+-----
Conjurations   | 2 3 4 5 7 8 10 | 10.3
Shields        | 1 2 3 4 |  4.2
Spellcasting   | 4 5 8 |  8.3
Air Magic      | 2 4 5 |  5.1
Fighting       | 1 4 6 |  6.1
Evocations     | 1 |  1.0
Dodging        | 4 6 |  6.0
Fire Magic     | 2 |  2.7
Stealth        | |  1.7
Summonings     | |  1.0
Translocations | |  1.0

Action                   |  1- 3 |  4- 6 |  7- 9 | 10-12 || total
-------------------------+-------+-------+-------+-------++-------
Melee: Short sword       |    54 |    92 |       |       ||   146
       Rapier            |       |     9 |   215 |    64 ||   288
       Falchion          |       |       |    10 |   108 ||   118
Throw: Stone             |     8 |       |       |       ||     8
       Javelin           |     8 |    13 |    21 |       ||    42
 Cast: Magic Dart        |    72 |   143 |   245 |   183 ||   643
       Repel Missiles    |     1 |       |     2 |     1 ||     4
       Mephitic Cloud    |       |     1 |    26 |    36 ||    63
       Summon Butterflie |       |       |     1 |     1 ||     2
       Conjure Flame     |       |       |     1 |     1 ||     2
       Airstrike         |       |       |       |     5 ||     5
       Blink             |       |       |       |     1 ||     1
 Abil: Breathe Steam     |       |       |     1 |     2 ||     3
Evoke: Wand              |       |     1 |     7 |     5 ||    13
  Use: Scroll            |       |     2 |     3 |       ||     5
       Potion            |       |       |     1 |     1 ||     2
 Stab: Sleeping          |     2 |       |     1 |       ||     3
       Confused          |       |       |     8 |     5 ||    13
  Eat: Chunk             |     4 |     8 |    13 |    11 ||    36
       Royal jelly       |       |       |     1 |       ||     1
       Fruit             |       |       |     1 |       ||     1
